 Dungeon Crawl Stone Soup version 0.27.1-15-g792fb953b9 (webtiles) character file.

Game seed: 7555050136770772917

1586 tizbic2 the Skirmisher (level 8, -11/88 HPs)
             Began as an Ogre Fire Elementalist on Nov 19, 2021.
             Was an Elder of Ashenzari.
             Mangled by a yak (15 damage)
             ... on level 4 of the Dungeon.
             The game lasted 00:31:15 (4699 turns).

tizbic2 the Skirmisher (Ogre Fire Elementalist)     Turns: 4699, Time: 00:31:15

Health: -11/88     AC:  3    Str: 14    XL:     8   Next: 92%
Magic:  14/18      EV: 12    Int: 23    God:    Ashenzari [****..]
Gold:   177        SH:  0    Dex: 15    Spells: 14/20 levels left

rFire    . . .     SeeInvis +   g - staff of cold (curse) {Self, Elem}
rCold    + . .     Faith    .   (no shield)
rNeg     . . .     Spirit   .   n - +0 animal skin of the Esoteric Planets {Bglg, Evo} (curse)
rPois    .         Reflect  .   (helmet restricted)
rElec    .         Harm     .   (no cloak)
rCorr    .         Rampage  .   (gloves unavailable)
Will     .....     Clarity  +   (boots unavailable)
Stlth    ++........             b - amulet of the Fated Apathy {RegenMP, Bglg, Range} (curse)
HPRegen  0.24/turn              c - ring "Restrained Together" {Int+6, Elem, Alch} (curse)
MPRegen  0.41/turn              a - ring "Cosmic Yoke" {Dex+6, Evo, Comp} (curse)

@: no status effects
A: large, unfitting armour, tough skin 1
a: Renounce Religion, Shatter the Chains


You were on level 4 of the Dungeon.
You worshipped Ashenzari.
Ashenzari was greatly pleased with you.
You visited 1 branch of the dungeon, and saw 5 of its levels.

You collected 177 gold pieces.

Inventory:

Hand Weapons
 o - a +0 giant club
Missiles
 l - 2 throwing nets
 t - 10 stones
Armour
 n - the cursed +0 animal skin of the Esoteric Planets (worn) {Bglg, Evo}
   (You took it off Robin on level 3 of the Dungeon)

   It has a curse which improves the following skills: Beguiling: Conjurations,
   Hexes and Translocations.
   Evocations: Evocations.
Magical Staves
 g - a cursed staff of cold (weapon) {Self, Elem}
Jewellery
 a - the cursed ring "Cosmic Yoke" (right hand) {Dex+6, Evo, Comp}
   (You found it on level 4 of the Dungeon)

   [ring of dexterity]

   Dex:       It affects your dexterity (+6).
   It has a curse which improves the following skills: Evocations: Evocations.
   Companions: Summonings and Necromancy.
 b - the cursed amulet of the Fated Apathy (around neck) {RegenMP, Bglg, Range}
   (You found it on level 1 of the Dungeon)

   [amulet of magic regeneration]

   It increases your rate of magic regeneration.
   It has a curse which improves the following skills: Beguiling: Conjurations,
   Hexes and Translocations.
   Ranged Combat: Slings, Bows, Crossbows and Throwing.
 c - the cursed ring "Restrained Together" (left hand) {Int+6, Elem, Alch}
   (You found it on level 1 of the Dungeon)

   [ring of intelligence]

   Int:       It affects your intelligence (+6).
   It has a curse which improves the following skills: Elements: Fire Magic, Ice
   Magic, Air Magic and Earth Magic.
   Alchemy:   Poison Magic and Transmutations.
 k - an amulet of guardian spirit
 q - a ring of poison resistance
Wands
 i - a wand of polymorph (7)
 p - a wand of iceblast (12)
Scrolls
 d - a scroll of enchant armour
 f - 2 scrolls of teleportation
 j - a scroll of enchant weapon
 m - a scroll of amnesia
 r - a scroll of blinking
Potions
 e - 2 potions of heal wounds
 h - 3 potions of invisibility
 s - a potion of curing


   Skills:
 * Level 5.7(8.0) Fighting
 * Level 4.9 Dodging
 - Level 1.4 Stealth
 + Level 4.7(6.9) Spellcasting
 + Level 4.5(7.9) Conjurations
 * Level 2.0(3.7) Summonings
 + Level 5.3(8.8) Fire Magic


You had 14 spell levels left.
You knew the following spells:

 Your Spells              Type           Power      Damage    Failure   Level
a - Foxfire               Conj/Fire      100%       2x1d9     1%          1
b - Fireball              Conj/Fire      23%        3d11      7%          5

Your spell library contained the following spells:

 Spells                   Type           Power      Damage    Failure   Level
 Magic Dart               Conj           100%       1d8       1%          1
 Searing Ray              Conj           88%        3d6       1%          2
 Conjure Flame            Conj/Fire      46%        6-21      1%          3
 Sticky Flame             Conj/Fire      46%        2d6       2%          4
 Inner Flame              Hex/Fire       29%        N/A       3%          3
 Fulminant Prism          Conj/Hex       13%        3d9       14%         4
 Summon Forest            Summ/Tloc      8%         N/A       65%         5
 Eringya's Noxious Bog    Tmut/Pois      4%         N/A       100%        6
 Summon Hydra             Summ           12%        N/A       100%        7


Dungeon Overview and Level Annotations

Branches:
Dungeon (5/15)
 Temple: D:4-7

Altars:
Ashenzari
Elyvilon

Shops:
D:5 [


Innate Abilities, Weirdness & Mutations

You are too large for most types of armour.
You have tough skin. (AC +1)


Message History

The yak gores you!
* * * LOW HITPOINT WARNING * * *
Casting: Foxfire (safe; 1% risk of failure)
Press: ? - help, Q - select action, (/) - cycle Dir - look around, f - activate You conjure some foxfire!
The yak misses you.
The foxfire hits the yak.
The yak is lightly wounded.
The foxfire hits the yak.
The yak is moderately wounded.
Casting: Foxfire (safe; 1% risk of failure)
Press: ? - help, Q - select action, (/) - cycle Dir - look around, f - activate You conjure some foxfire!
The foxfire hits the yak but does no damage.
The yak is moderately wounded.
The foxfire hits the yak!
The yak is heavily wounded.
The yak barely misses you.
Casting: Foxfire (safe; 1% risk of failure)
Press: ? - help, Q - select action, (/) - cycle Dir - look around, f - activate You conjure some foxfire!
The yak barely misses you.
The foxfire hits the yak but does no damage.
The yak is heavily wounded.
The foxfire hits the yak.
The yak is heavily wounded.
Casting: Foxfire (safe; 1% risk of failure)
Press: ? - help, Q - select action, (/) - cycle Dir - look around, f - activate You conjure some foxfire!
The yak gores you.
* * * LOW HITPOINT WARNING * * *
The foxfire hits the yak.
The yak is severely wounded.
The foxfire hits the yak but does no damage.
The yak is severely wounded.
Casting: Foxfire (safe; 1% risk of failure)
Press: ? - help, Q - select action, (/) - cycle Dir - look around, f - activate You conjure some foxfire!
The yak gores you!
You die...

# #.###.###.#.#.........#.# #
#.............####.##(#.# #
###.......##### #.##.#.# #
#######.##.#.########......#
####..........#.......##....###
......#..#....#.......###.####
#.....#..#...##............^.#
'..).....#......Y......##....#
#.......(.....§v@......#.<...#
.............#.v.......#.....#
####........##.........#.....#
# ###.#....##.#######.##....# #
#.#...###.# #(......# #
#).....##.# ########.### #
###.......# #......#.# ##
#.######## #.####.#)# .#
#........###?####.#.#


You could see a yak (ally target).

Vanquished Creatures
  Sigmund (D:2)
  2 yaks
  The ghost of Stomo444 the Ducker, an amateur DsGl of Uskayaw (D:3)
  A sky beast (D:5)
  2 black bears
  An ogre (D:4)
  2 scorpions (D:5)
  3 hounds
  A gnoll shaman (D:5)
  2 orc wizards (D:5)
  Robin (D:3)
  6 adders
  17 gnolls
  A shadow imp (D:3)
  An adder zombie (D:5)
  An adder skeleton (D:4)
  2 worms
  2 dart slugs
  13 orcs
  8 ball pythons
  6 bats
  4 endoplasms
  2 giant cockroaches
  20 goblins
  7 hobgoblins
  11 jackals
  A quokka (D:4)
  2 frilled lizards (D:1)
  5 kobolds
  2 rats
128 creatures vanquished.

Vanquished Creatures (others)
  An orc (D:4)
  409 foxfires
  2 withered plants (D:3)
412 creatures vanquished.

Grand Total: 540 creatures vanquished

Notes
Turn   | Place    | Note
-------+----------+-------------------------------------------
     0 | D:1      | tizbic2 the Ogre Fire Elementalist began the quest for the
                  | Orb.
     0 | D:1      | Reached XP level 1. HP: 16/16 MP: 3/3
    39 | D:1      | Found a faded altar of an unknown god.
    52 | D:1      | Found Itsob's Jewellery Boutique.
    60 | D:1      | Reached skill level 1 in Conjurations
   260 | D:1      | Reached XP level 2. HP: 22/26 MP: 2/5
   442 | D:1      | Became a worshipper of Ashenzari the Shackled
   666 | D:2      | Reached XP level 3. HP: 29/32 MP: 4/6
   758 | D:2      | Found a white marble altar of Elyvilon.
   791 | D:2      | Reached skill level 1 in Fighting
   909 | D:2      | Reached XP level 4. HP: 37/41 MP: 4/8
  1296 | D:2      | Noticed Sigmund
  1308 | D:2      | Killed Sigmund
  1309 | D:2      | Reached XP level 5. HP: 49/49 MP: 4/9
  1309 | D:2      | Reached XP level 6. HP: 57/57 MP: 4/10
  1417 | D:3      | Reached * piety under Ashenzari
  1550 | D:3      | Found a runed translucent door.
  1551 | D:3      | Noticed Stomo444's ghost (amateur DsGl)
  1570 | D:3      | Killed Stomo444's ghost
  1813 | D:3      | Noticed a black bear
  1823 | D:3      | Killed a black bear
  1824 | D:3      | Reached XP level 7. HP: 63/66 MP: 8/12
  1898 | D:3      | Learned a level 5 spell: Fireball
  2514 | D:3      | Reached ** piety under Ashenzari
  2618 | D:3      | Noticed Robin
  2653 | D:3      | Killed Robin
  3671 | D:4      | Reached *** piety under Ashenzari
  4028 | D:5      | Entered Level 5 of the Dungeon
  4033 | D:5      | Reached XP level 8. HP: 81/83 MP: 13/16
  4041 | D:5      | Reached skill level 5 in Fire Magic
  4092 | D:5      | Reached **** piety under Ashenzari
  4358 | D:5      | Found Fuasij's Antique Armour Shoppe.
  4446 | D:5      | Found a broken altar of Ashenzari.
  4580 | D:5      | Reached skill level 5 in Fighting
  4589 | D:5      | Reached skill level 1 in Summonings
  4639 | D:5      | Noticed a yak
  4648 | D:5      | Noticed a yak
  4649 | D:5      | Noticed a yak
  4651 | D:5      | Killed a yak
  4653 | D:5      | Noticed a yak
  4668 | D:4      | Killed a yak
  4690 | D:4      | HP: 2/88 [yak (8)]
  4697 | D:4      | HP: 3/88 [yak (1)]
  4699 | D:4      | Mangled by a yak

Illustrated notes

Levels and vault maps discovered:
D:1:      elethiomel_arrival_shortcut, layout_rooms, serial_shops,
          nicolae_shop_waterfront, ebering_ecumenical_altar_sacrificial,
          hangedman_decor_growths, chequers_serial_rivers_micro_e,
          feat_on_display
D:2:      layout_rooms, basic_altar, uniq_sigmund
D:3:      layout_basic, gammafunk_ghost_grave, hex_medium,
          minmay_fractal_squares_gapless_5, uniq_robin
D:4:      layout_loops_cross, minmay_misc_feat_nine_boxes, grunt_ministairs_14,
          minmay_box_of_dots
D:5:      layout_cave_pools, trog_three_pillars_becter, evilmike_ruin_ashenzari,
          serial_gnoll_camp, gnoll_camp_medium_02, gnoll_camp_mini_shop,
          gnoll_camp_mini_hut, gnoll_camp_mini_basic, gnoll_camp_mini_basic,
          gnoll_camp_mini_hut, uniq_duvessa, uniq_crazy_yiuf_cottage

Skill      XL: |  1  2  3  4  5  6  7  8 |
---------------+-------------------------+-----
Conjurations   | 1 2 3 4 |  4.5
Dodging        | 2 3 4 |  4.9
Fire Magic     | 3 4 5 |  5.3
Fighting       | 1 2 4 5 |  5.7
Spellcasting   | 3 4 |  4.7
Summonings     | 2 |  2.0
Stealth        | |  1.4

Action                   |  1- 3 |  4- 6 |  7- 9 || total
-------------------------+-------+-------+-------++-------
Melee: Dagger            |     3 |       |       ||     3
       Unarmed           |     2 |       |       ||     2
       Mace              |     4 |       |       ||     4
       Staff             |    10 |     9 |    85 ||   104
       Club              |     1 |       |       ||     1
 Cast: Foxfire           |    56 |    57 |   142 ||   255
       Fireball          |       |       |    13 ||    13
Invok: Curse Item        |     1 |     1 |     3 ||     5
 Stab: Sleeping          |       |       |     1 ||     1
Armor: Robe              |    26 |     1 |     2 ||    29
       Animal skin       |       |       |    15 ||    15
Dodge: Dodged            |    26 |    17 |    70 ||   113
